 Dungeon Crawl Stone Soup version 0.17.0-26-gececa24 (webtiles) character file.

5262 septik the Basher (level 10, -5/64 HPs)
             Began as a Gargoyle Fighter on Nov 20, 2015.
             Was a High Priest of Okawaru.
             Slain by a guardian serpent (11 damage)
             ... on level 9 of the Dungeon.
             The game lasted 00:14:11 (9042 turns).

septik the Basher (Gargoyle Fighter)                Turns: 9042, Time: 00:14:12

Health: -5/64      AC: 22    Str: 22    XL:     10   Next: 62%
Magic:  17/19      EV: 11    Int:  9    God:    Okawaru [*****.]
Gold:   427        SH: 11    Dex: 10    Spells: 0 memorised, 9 levels left

rFire  . . .     SeeInvis .     M - +2 morningstar
rCold  . . .     Clarity  .     y - +0 chain mail
rNeg   + . .     SustAt   .     c - +0 shield
rPois  ∞         Gourm    .     (no helmet)
rElec  +         Spirit   .     D - +1 cloak
rCorr  .         Warding  .     (no gloves)
rMut   .         Stasis   .     (no boots)
MR     .....                    (no amulet)
Stlth  ..........               w - ring of magical power
                                (no ring)

@: heroism, slowed, very slow, not resistant to hostile enchantments, extremely
unstealthy
A: negative energy resistance 1, electricity resistance, unbreathing,
petrification resistance, rot immunity, AC +7
a: Heroism, Finesse, Renounce Religion


You were on level 9 of the Dungeon.
You worshipped Okawaru.
Okawaru was extremely pleased with you.
You were not hungry.

You visited 1 branch of the dungeon, and saw 9 of its levels.

You collected 427 gold pieces.

Inventory:

Hand Weapons
 a - a +0 flail
 g - a +1 mace of protection
 t - a +0 morningstar
 M - a +2 morningstar (weapon)
Armour
 b - a +0 scale mail
 c - a +0 shield (worn)
 y - a +0 chain mail (worn)
 D - a +1 cloak (worn)
 I - a +2 pair of boots
Jewellery
 q - an uncursed ring of ice
 w - a ring of magical power (right hand)
Wands
 H - a wand of magic darts (23)
 L - a wand of flame (30)
Scrolls
 f - 4 scrolls of blinking
 i - 5 scrolls of remove curse
 l - 2 scrolls of recharging
 u - a scroll of noise
 v - 3 scrolls of identify
 x - 2 scrolls of enchant armour
 z - 2 scrolls of fog {unknown}
Potions
 d - a potion of might
 h - 4 potions of flight
 k - a potion of mutation
 n - a potion of resistance
 o - a potion of lignification {unknown}
 p - 7 potions of curing {unknown}
 r - a potion of haste {unknown}
 s - 2 potions of heal wounds {unknown}
 A - a potion of agility {unknown}
 C - a potion of brilliance {unknown}
 E - a potion of berserk rage {unknown}
 K - a potion of invisibility {unknown}
Books
 F - a Necronomicon

   Spells                             Type                      Level
   a - Haunt                          Necromancy/Summoning         7
   b - Borgnjor's Revivification      Necromancy                   8
   c - Death's Door                   Charms/Necromancy            8
   d - Necromutation                  Transmutation/Necromancy     8
Comestibles
 e - 5 bread rations
 j - 2 fruits
 m - 2 meat rations
 B - 4 beef jerkies
 G - 7 slices of pizza
 J - 7 chunks of flesh


   Skills:
 + Level 8.2(13.2) Fighting
 * Level 9.9(14.9) Maces & Flails
 + Level 8.3(13.3) Armour
 + Level 5.8(10.8) Dodging
 - Level 3.2(8.2) Shields


You had 9 spell levels left.
You didn't know any spells.

Dungeon Overview and Level Annotations

Branches:
Dungeon (9/15)             Temple (0/1) D:7
   Lair: D:8-11         Orc: D:9-12

Altars:
Cheibriados
Dithmenos
Fedhas
Kikubaaqudgha
Makhleb
Okawaru
Qazlal
Sif Muna
Trog
Vehumet
Yredelemnul
Zin
The Shining One

Shops:
D:7 %


Innate Abilities, Weirdness & Mutations

You are resistant to torment.
Your stone body is resilient (AC +7).
You are immune to poison.
You resist negative energy.
You are resistant to electric shocks.
You can survive without breathing.
You are immune to petrification.
You are immune to rotting.


Message History

The guardian serpent hits you but does no damage.
The guardian serpent hits you but does no damage.
The ogre hits you with a giant club! The guardian serpent barely misses you.
You block the guardian serpent's attack.
You block the guardian serpent's attack.
The guardian serpent hits you! The ogre barely misses you.
The guardian serpent hits you but does no damage.
You block the guardian serpent's attack.
You block the guardian serpent's attack.
The ogre hits you with a giant club!
You see here a robe.
You gain the combat prowess of a mighty hero.
You feel slightly more hungry. The guardian serpent hits you!
* * * LOW HITPOINT WARNING * * *
The guardian serpent coils itself and waves its upper body at you.
You resist with significant effort. The ogre hits you with a giant club.
* * * LOW HITPOINT WARNING * * *
The guardian serpent casts a spell at you.
You resist with significant effort. The guardian serpent hits you!
You die...

###..........#..#
#.#
######.######.#
### #.# #.# #.#
#.# #.# #.# #.#
#.# #)# #.# # #)#
#.# .#
#@#############..#
#[S.............#
#.O...).........#
#...............#
#################


You could see a guardian serpent and an ogre.

Vanquished Creatures
  Joseph (D:7)
  The ghost of Vidiiot the Gouger, a novice FeAr of Fedhas (D:8)
  A two-headed ogre (D:8)
  The ghost of septik the Cudgeler, an amateur GrFi (D:4)
  5 yaks
  A human (D:7)
  2 hungry ghosts (D:8)
  A hippogriff (D:8)
  A black bear (D:8)
  5 ogres
  2 ice beasts
  A sky beast (D:7)
  3 orc warriors
  3 phantoms
  A necrophage (D:8)
  A centaur (D:6)
  2 giant frogs
  A water moccasin skeleton (D:6)
  3 scorpions
  A giant frog zombie (D:5)
  5 wights (D:9)
  5 crimson imps
  A quasit (D:7)
  Crazy Yiuf (D:3)
  An orc priest (D:4)
  A giant frog skeleton (D:5)
  2 jellies
  An iguana (D:5)
  2 hounds
  8 orc wizards
  2 worker ants (D:7)
  4 sheep (D:7)
  A worker ant zombie (D:6)
  8 adders
  4 gnolls
  A shadow imp (D:5)
  3 oozes
  An adder skeleton (D:3)
  An adder zombie (D:7)
  3 worms
  9 giant geckos
  34 orcs
  A ball python (D:3)
  5 bats
  7 giant cockroaches
  8 goblins
  7 hobgoblins
  14 kobolds
  4 quokkas
  6 giant newts
  3 jackal skeletons
  A quokka skeleton (D:4)
  8 rats
199 creatures vanquished.

Vanquished Creatures (others)
  3 gnolls (D:4)
3 creatures vanquished.

Grand Total: 202 creatures vanquished

Notes
Turn   | Place    | Note
--------------------------------------------------------------
     0 | D:1      | septik the Gargoyle Fighter began the quest for the Orb.
     0 | D:1      | Reached XP level 1. HP: 14/14 MP: 1/1
   198 | D:1      | Reached XP level 2. HP: 19/19 MP: 2/2
   545 | D:1      | Reached skill level 1 in Dodging
   545 | D:1      | Reached XP level 3. HP: 19/23 MP: 3/3
   812 | D:2      | Found a blossoming altar of Fedhas.
   812 | D:2      | Found an ancient bone altar of Kikubaaqudgha.
  1284 | D:2      | Found an iron altar of Okawaru.
  1307 | D:2      | Became a worshipper of Warmaster Okawaru
  1440 | D:2      | Reached XP level 4. HP: 26/29 MP: 4/4
  1624 | D:3      | Reached skill level 4 in Fighting
  1975 | D:3      | Reached XP level 5. HP: 10/33 MP: 5/5
  2489 | D:3      | Found a basalt altar of Yredelemnul.
  2644 | D:3      | Found a glowing golden altar of the Shining One.
  2688 | D:3      | Noticed Crazy Yiuf
  2701 | D:3      | Killed Crazy Yiuf
  2701 | D:3      | Reached XP level 6. HP: 32/38 MP: 6/6
  3263 | D:4      | Noticed septik's ghost (amateur GrFi)
  3285 | D:4      | Killed septik's ghost
  3285 | D:4      | Reached * piety under Okawaru
  3285 | D:4      | Reached skill level 5 in Maces & Flails
  3285 | D:4      | Reached XP level 7. HP: 16/44 MP: 7/7
  3877 | D:4      | Reached skill level 5 in Armour
  3904 | D:5      | Entered Level 5 of the Dungeon
  3928 | D:5      | Reached skill level 5 in Fighting
  4245 | D:5      | Found a snail-covered altar of Cheibriados.
  4566 | D:5      | Found a shadowy altar of Dithmenos.
  5049 | D:5      | Reached XP level 8. HP: 32/49 MP: 5/8
  5180 | D:6      | Found a burning altar of Makhleb.
  5190 | D:6      | Reached skill level 6 in Maces & Flails
  5299 | D:6      | Reached ** piety under Okawaru
  5857 | D:6      | Found a glowing silver altar of Zin.
  6252 | D:7      | Reached skill level 7 in Maces & Flails
  6350 | D:7      | Found a radiant altar of Vehumet.
  6358 | D:7      | Found a deep blue altar of Sif Muna.
  6372 | D:7      | Found a staircase to the Ecumenical Temple.
  6455 | D:7      | Reached XP level 9. HP: 29/56 MP: 6/9
  6468 | D:6      | Reached *** piety under Okawaru
  6742 | D:7      | Reached skill level 8 in Maces & Flails
  6746 | D:7      | HP: 2/56 [phantom (4)]
  7455 | D:7      | Noticed Joseph
  7473 | D:7      | Killed Joseph
  7491 | D:7      | Found Kipidoeck's Food Shop.
  7600 | D:7      | Reached **** piety under Okawaru
  7631 | D:7      | Reached skill level 5 in Dodging
  7636 | D:7      | Reached XP level 10. HP: 47/63 MP: 10/10
  7819 | D:8      | Reached skill level 9 in Maces & Flails
  7928 | D:8      | HP: 3/64 [orc warrior/wand of magic darts (8)]
  8365 | D:8      | Found a stormy altar of Qazlal.
  8501 | D:8      | Noticed Vidiiot's ghost (novice FeAr)
  8510 | D:8      | Killed Vidiiot's ghost
  8919 | D:9      | Found a bloodstained altar of Trog.
  8990 | D:9      | Reached ***** piety under Okawaru
  9025 | D:9      | Noticed a guardian serpent
  9042 | D:9      | Slain by a guardian serpent

Action                   |  1- 3 |  4- 6 |  7- 9 | 10-12 || total
-------------------------+-------+-------+-------+-------++-------
Melee: Flail             |   148 |   282 |    38 |       ||   468
       Morningstar       |       |       |   387 |   188 ||   575
       Mace              |       |       |    29 |       ||    29
Invok: Heroism           |       |       |     5 |     3 ||     8
  Use: Scroll            |       |       |    15 |       ||    15
  Eat: Chunk             |     2 |     7 |    13 |     5 ||    27
       Fruit             |       |       |     1 |       ||     1
       Bread ration      |       |       |       |     2 ||     2
